 Dungeon Crawl Stone Soup version 0.19-a0-1682-g5114f93 (webtiles) character file.

3700 TheGoonsmith the Basher (level 9, 0/75 HPs)
             Began as a Demonspawn Chaos Knight on Sept 24, 2016.
             Incinerated by a mottled dragon (4 damage)
             ... with a sticky flame
             ... on level 9 of the Dungeon.
             The game lasted 00:19:29 (10529 turns).

TheGoonsmith the Basher (Demonspawn Chaos Knight)  Turns: 10529, Time: 00:19:30

Health: 0/75       AC: 17    Str: 16      XL:     9   Next: 91%
Magic:  8/8        EV:  6    Int: 15      God:    Xom [....*.]
Gold:   497        SH:  0    Dex: 12 (13) Spells: 0 memorised, 8 levels left

rFire  . . .     SeeInvis .     x - +1 great mace
rCold  . . .     Gourm    .     e - +0 chain mail
rNeg   . . .     Faith    .     (shield currently unavailable)
rPois  .         Spirit   .     (helmet restricted)
rElec  .         Dismiss  .     n - +0 cloak (curse)
rCorr  .         Reflect  .     (no gloves)
MR     +....     Harm     .     g - +0 pair of boots
Stlth  .......... Rnd*Rage +    (no amulet)
                                d - ring of stealth
                                v - ring of stealth

@: liquid flames, sanguine armour, glowing
A: horns 2, berserk 1, blurry vision 1, clever 1, deterioration 1, low mp 1,
magic resistance 1, screaming 2, rot immunity, sanguine armour 1
a: Renounce Religion


You were on level 9 of the Dungeon.
You worshipped Xom.
You were a beloved toy of Xom.
You were very hungry.

You visited 1 branch of the dungeon, and saw 8 of its levels.

You collected 497 gold pieces.

Inventory:

Hand Weapons
 o - a +1 morningstar
 u - a +2 whip of venom
 x - a +1 great mace (weapon)
Missiles
 a - a throwing net (quivered)
Armour
 b - a +2 leather armour
 e - a +0 chain mail (worn)
 g - a +0 pair of boots (worn)
 n - a cursed +0 cloak (worn)
Jewellery
 d - a ring of stealth (right hand)
 v - a ring of stealth (left hand)
Wands
 k - a wand of polymorph (6/24)
 l - a wand of lightning (7/15)
 m - a wand of digging (16/24)
 z - a wand of iceblast (7/15)
Scrolls
 h - 2 scrolls of magic mapping
 r - a scroll of teleportation
 B - 2 scrolls of fear
 E - a scroll of recharging
 G - 4 scrolls of remove curse
Potions
 i - 2 potions of lignification
 j - a potion of brilliance
 p - 3 potions of curing
 t - a potion of resistance {unknown}
 w - a potion of flight
 C - a potion of mutation {unknown}
 F - a potion of haste {unknown}
Comestibles
 c - 6 bread rations
 f - 3 royal jellies
 q - a meat ration
 s - 6 beef jerkies


   Skills:
 + Level 8.6 Fighting
 * Level 11.0 Maces & Flails
 - Level 1.7 Armour
 - Level 0.8 Dodging


You had 8 spell levels left.
You didn't know any spells.

Dungeon Overview and Level Annotations

Branches:
Dungeon (7/15)             Temple (0/1) D:6

Altars:
Xom


Innate Abilities, Weirdness & Mutations

You have a pair of horns on your head.
You are immune to rotting.
When seriously injured, your bleeding wounds create armour. (AC +6)
You tend to lose your temper in combat.
Scrolls take you a little longer to read.
Your mind is acute. (Int +2)
Your body sometimes deteriorates upon taking damage.
Your magical capacity is low. (-10% MP)
You are resistant to hostile enchantments. (MR+)
You sometimes yell uncontrollably at your foes.


Message History

Your body is wracked with pain!
* * * LOW HITPOINT WARNING * * *
You see here a poisoned needle.
You are covered in liquid flames!
* * * LOW HITPOINT WARNING * * *
The mottled dragon is engulfed in mutagenic fog.
The mottled dragon twists and deforms.
The death knight offers itself to Yredelemnul, and fills with unholy energy.
You see here 13 gold pieces.
You are covered in liquid flames!
* * * LOW HITPOINT WARNING * * *
The mottled dragon is engulfed in mutagenic fog.
You are covered in liquid flames!
* * * LOW HITPOINT WARNING * * *
You are covered in liquid flames!
* * * LOW HITPOINT WARNING * * *
You begin reading the scroll.
You continue reading the scroll.
You are covered in liquid flames!
You die... "What!?
That's it?"

#########..(....
#.......).......
#....p.....K#
#.........$.#
#...........#
#........DK.+
#........(..#
#########K###
#....@ยง.#
##.######


You could see a kobold.

Vanquished Creatures
  The ghost of Gorfmaster the Grappler, a novice TrMo of Makhleb (D:7)
  Grinder (D:3)
  The ghost of goofnerd the Shield-Bearer, an amateur GrFi (D:4)
  Sigmund (D:7)
  A porcupine (shapeshifter) (D:5)
  An orc warrior (D:7)
  A black bear (D:4)
  An ice beast (shapeshifter) (D:5)
  4 ogres
  A necrophage (D:7)
  2 ice beasts
  A boggart (D:5)
  2 centaurs
  3 bullfrogs (D:7)
  2 scorpions
  2 howler monkeys
  A crimson imp (D:3)
  A centaur zombie (D:7)
  A bullfrog zombie (D:6)
  A hound (D:6)
  Crazy Yiuf (D:3)
  2 orc priests
  3 bullfrog skeletons
  An orc wizard (D:7)
  2 iguanas
  4 worker ants
  2 hound zombies (D:7)
  A hound skeleton (D:4)
  2 worker ant zombies (D:5)
  5 gnolls
  14 adders
  A shadow imp (D:5)
  An adder zombie (D:7)
  2 oozes
  3 worms
  2 dart slugs
  A leopard gecko (D:2)
  8 orcs
  9 giant cockroaches
  8 goblins
  7 hobgoblins
  10 jackals
  7 kobolds
  2 quokkas
  2 ball python skeletons (D:4)
  8 bats
  6 frilled lizards
  2 leopard gecko skeletons
  3 rats
148 creatures vanquished.

Vanquished Creatures (collateral kills)
  An ice beast (D:5)
  An ogre (D:5)
  A gnoll (D:5)
3 creatures vanquished.

Vanquished Creatures (others)
  An orc wizard (D:2)
1 creature vanquished.

Grand Total: 152 creatures vanquished

Notes
Turn   | Place    | Note
-------+----------+-------------------------------------------
     0 | D:1      | TheGoonsmith the Demonspawn Chaos Knight began the quest for the Orb.
     0 | D:1      | Reached XP level 1. HP: 18/18 MP: 1/1
    56 | D:1      | Reached skill level 3 in Maces & Flails
    68 | D:1      | Gained mutation: You are immune to rotting. [demonic ancestry]
    68 | D:1      | Reached XP level 2. HP: 21/24 MP: 2/2
   349 | D:1      | XOM: harmless Ice miscast
   681 | D:1      | XOM: harmless Tmut miscast
   765 | D:2      | Reached XP level 3. HP: 29/29 MP: 3/3
  1012 | D:2      | XOM: draining
  1066 | D:2      | Reached skill level 4 in Maces & Flails
  1330 | D:2      | Reached XP level 4. HP: 35/35 MP: 4/4
  1479 | D:3      | XOM: noise
  1505 | D:2      | XOM: summons 2 hostile demons
  1626 | D:3      | Found a runed door.
  1859 | D:2      | XOM: destruction
  2066 | D:3      | XOM: give mutations
  2066 | D:3      | Gained mutation: Scrolls take you a little longer to read. [Xom's mischief]
  2066 | D:3      | Gained mutation: Scrolls take you longer to read. [Xom's mischief]
  2066 | D:3      | Gained mutation: You occasionally shout uncontrollably at your foes. [Xom's mischief]
  2066 | D:3      | Gained mutation: You sometimes yell uncontrollably at your foes. [Xom's mischief]
  2132 | D:3      | Noticed Grinder
  2135 | D:3      | XOM: harmless Ice miscast
  2137 | D:3      | Paralysed by Grinder for 6 turns
  2146 | D:3      | Paralysed by Grinder for 3 turns
  2186 | D:2      | XOM: harmless Tmut miscast
  2355 | D:4      | Noticed an ogre
  2364 | D:4      | Killed an ogre
  2364 | D:4      | Reached skill level 5 in Maces & Flails
  2364 | D:4      | Reached XP level 5. HP: 16/42 MP: 5/5
  2451 | D:4      | Noticed goofnerd's ghost (amateur GrFi)
  2483 | D:3      | XOM: torment (18/42 hp)
  2693 | D:3      | XOM: noise
  2704 | D:3      | XOM: noise
  2844 | D:3      | XOM: 6-stop teleportation journey
  2860 | D:3      | Killed Grinder
  2860 | D:3      | Reached skill level 6 in Maces & Flails
  2860 | D:3      | Gained mutation: When seriously injured, your bleeding wounds create armour. (AC +6) [demonic ancestry]
  2860 | D:3      | Reached XP level 6. HP: 17/50 MP: 6/6
  2883 | D:3      | XOM: harmless Pois miscast
  3077 | D:3      | XOM: summons 1 hostile demon
  3141 | D:3      | XOM: give mutations
  3141 | D:3      | Gained mutation: You tend to lose your temper in combat. [Xom's mischief]
  3141 | D:3      | Lost mutation: Scrolls take you longer to read. [Xom's mischief]
  3141 | D:3      | Gained mutation: Your body sometimes deteriorates upon taking damage. [Xom's mischief]
  3235 | D:3      | Reached skill level 5 in Fighting
  3328 | D:3      | Noticed Crazy Yiuf
  3334 | D:3      | Killed Crazy Yiuf
  3334 | D:3      | Reached XP level 7. HP: 48/56 MP: 7/7
  3466 | D:5      | Entered Level 5 of the Dungeon
  3528 | D:5      | XOM: noise
  3546 | D:5      | XOM: silly message
  3577 | D:5      | XOM: smoke on damage
  3584 | D:5      | XOM: torment (16/56 hp)
  3866 | D:4      | XOM: noise
  3888 | D:4      | XOM: chaos cloud
  3933 | D:4      | Gained mutation: Your magical capacity is low. (-10% MP) [mutagenic glow]
  3940 | D:4      | XOM: 1-stop teleportation journey
  3968 | D:4      | XOM: harmless Pois miscast
  4065 | D:4      | XOM: 4-stop teleportation journey
  4084 | D:4      | XOM: 1-stop teleportation journey
  4104 | D:4      | XOM: god gift: longbow {god gift}
  4109 | D:4      | Reached skill level 7 in Maces & Flails
  4311 | D:4      | XOM: summons 7 friendly demons
  4472 | D:5      | XOM: polymorph gnoll -> wolf
  4501 | D:5      | XOM: polymorph quokka -> dart slug
  4741 | D:6      | Found a staircase to the Ecumenical Temple.
  4788 | D:6      | XOM: enchant monster (bad)
  4802 | D:6      | XOM: summons friendly iron imp
  5072 | D:6      | Reached XP level 8. HP: 21/64 MP: 7/7
  5098 | D:6      | XOM: god gift: scale mail {god gift}
  5522 | D:6      | Reached skill level 8 in Maces & Flails
  5535 | D:6      | XOM: harmless Chrm miscast
  5580 | D:6      | XOM: swap monsters
  5638 | D:6      | XOM: god gift: 49 gold pieces
  5666 | D:7      | XOM: smoke on damage
  5795 | D:6      | XOM: give mutation
  5795 | D:6      | Gained mutation: You have a pair of small horns on your head. [Xom's grace]
  5845 | D:5      | XOM: polymorph centaur -> scorpion
  5993 | D:5      | Noticed a guardian serpent
  5993 | D:5      | Noticed a black mamba
  5993 | D:5      | a guardian serpent changed into a black mamba
  5993 | D:5      | XOM: polymorph guardian serpent -> black mamba
  5999 | D:5      | XOM: 2-stop teleportation journey
  6411 | D:5      | XOM: enchant monster (good)
  6427 | D:5      | XOM: cloud trail
  6470 | D:5      | Noticed a harpy
  6494 | D:5      | XOM: 2-stop teleportation journey
  6498 | D:5      | Reached skill level 9 in Maces & Flails
  6605 | D:5      | XOM: scenery: create altars
  6923 | D:5      | XOM: harmless Chrm miscast
  6986 | D:5      | Noticed a blink frog
  6994 | D:5      | XOM: cast spell 'Alistair's Intoxication'
  6995 | D:5      | a blink frog changed into a hell hound
  6996 | D:5      | XOM: mild Pois miscast
  6999 | D:5      | XOM: confuse monster(s)
  7003 | D:5      | XOM: divination: detect items
  7013 | D:5      | HP: 1/100 [porcupine (shapeshifter)'s spines (12)]
  7122 | D:5      | XOM: mild Tmut miscast
  7648 | D:5      | XOM: polymorph centaur -> boggart
  7649 | D:5      | XOM: summons friendly white imp
  7681 | D:5      | Gained mutation: You have a pair of horns on your head. [demonic ancestry]
  7681 | D:5      | Reached XP level 9. HP: 62/72 MP: 8/8
  7957 | D:5      | XOM: noise
  8473 | D:4      | XOM: cast spell 'Discord'
  8501 | D:4      | Killed goofnerd's ghost
  8604 | D:4      | XOM: give mutations
  8604 | D:4      | Gained mutation: Your mind is acute. (Int +2) [Xom's grace]
  8604 | D:4      | Gained mutation: You are resistant to hostile enchantments. (MR+) [Xom's grace]
  8805 | D:7      | Noticed Gorfmaster's ghost (novice TrMo)
  8811 | D:7      | XOM: cast spell 'Summon Butterflies'
  8828 | D:7      | XOM: enchant monster (good)
  8947 | D:6      | XOM: divination: magic mapping
  9140 | D:7      | XOM: cast spell 'Summon Butterflies'
  9151 | D:7      | Killed Gorfmaster's ghost
  9151 | D:7      | Reached skill level 10 in Maces & Flails
  9445 | D:7      | XOM: medium Hex miscast
  9721 | D:7      | Noticed Sigmund
  9767 | D:7      | Killed Sigmund
  9767 | D:7      | Reached skill level 11 in Maces & Flails
 10483 | D:7      | XOM: cloud trail
 10520 | D:7      | You fall through a shaft for 2 floors!
 10520 | D:9      | Noticed a death knight
 10521 | D:9      | XOM: polymorph black bear -> mottled dragon
 10529 | D:9      | Incinerated by a mottled dragon

Vault maps used:
D:1:      scummos_arrival_simple_fountains, minmay_pentomino_s2
D:3:      first_bread, nrook_uturn, kennysheep_generic_room_16,
          uniq_crazy_yiuf_cottage, uniq_grinder
D:4:      black_bear_nest_1
D:5:      uniq_sigmund
D:6:      corner_web_ring, patterned_corridor
D:7:      grunt_ogre_cave
D:9:      lair_0_dummy, enter_bailey_2

Skill      XL: |  1  2  3  4  5  6  7  8  9 |
---------------+----------------------------+-----
Maces & Flails | 3 4 5 6 7 9 11 | 11.0
Fighting       | 4 5 6 7 8 |  8.6
Armour         | |  1.7
Dodging        | |  0.8

Action                   |  1- 3 |  4- 6 |  7- 9 || total
-------------------------+-------+-------+-------++-------
Melee: Mace              |   120 |    78 |   534 ||   732
       Morningstar       |       |    89 |       ||    89
       Headbutt          |       |       |    47 ||    47
       Great mace        |       |       |   111 ||   111
Evoke: Wand              |       |       |     2 ||     2
  Use: Scroll            |     5 |     4 |     3 ||    12
       Potion            |       |     1 |     9 ||    10
  Eat: Chunk             |     2 |     4 |    17 ||    23
       Bread ration      |       |     1 |     1 ||     2
       Meat ration       |       |       |     1 ||     1
Armor: Leather armour    |    44 |    59 |       ||   103
       Chain mail        |       |    96 |   458 ||   554
       Skin              |       |       |    14 ||    14
Dodge: Dodged            |    78 |   125 |   215 ||   418
